APL (24 & UNDER)
STATE COLLEGE SPIKES @ BEAVERTON BRONZE SOULS
06/21/2028
 
TOP OF THE 1ST
State College Spikes batting - Pitching for Beaverton Bronze Souls : RHP Héctor Montoya
Pitching: RHP Héctor Montoya
Batting: RHB Matt Tucker 0-0: Swinging Strike
0-1: Swinging Strike
0-2: Ball
1-2: Ground out 1-3 (Groundball, 15S)
Batting: SHB Nuno Fonseca 0-0: Fly out, F8 (Flyball, 8RM)
Batting: RHB Joe Salas 0-0: Called Strike
0-1: Fly out, F9 (Flyball, 9S)
Top of the 1st over - 0 run(s), 0 hit(s), 0 error(s), 0 left on base; State College 0 - Beaverton 0
BOTTOM OF THE 1ST
Beaverton Bronze Souls batting - Pitching for State College Spikes : RHP Luis García
Pitching: RHP Luis García
Batting: LHB Chris White 0-0: Ball
1-0: Swinging Strike
1-1: Swinging Strike
1-2: Ball
2-2: Ball
3-2: Strikes out swinging
Batting: RHB Ed Fuhrman 0-0: Ball
1-0: Ball
2-0: Called Strike
2-1: Ball
3-1: Foul Ball, location: 2F
3-2: Strikes out looking
Batting: RHB José Dávila 0-0: Ball
1-0: Ball
2-0: Foul Ball, location: 2F
2-1: Foul Ball, location: 2F
2-2: Ball
3-2: Strikes out swinging
Bottom of the 1st over - 0 run(s), 0 hit(s), 0 error(s), 0 left on base; State College 0 - Beaverton 0
TOP OF THE 2ND
State College Spikes batting - Pitching for Beaverton Bronze Souls : RHP Héctor Montoya
Batting: RHB Luis Árias 0-0: Called Strike
0-1: Swinging Strike
0-2: Ball
1-2: Foul Ball, location: 2F
1-2: Foul Ball, location: 2F
1-2: SINGLE (Line Drive, 78S)
Batting: RHB Vaughan Shelton 0-0: SINGLE (Groundball, 6MD)
Luis Árias to second
Batting: RHB Julián Garza 0-0: Called Strike
0-1: Ground out 3-1 (Groundball, 34S)
Luis Árias to third
Vaughan Shelton to second
Batting: RHB Diego Benítez 0-0: Swinging Strike
0-1: Foul Ball, location: 2F
0-2: Foul Ball, location: 2F
0-2: SINGLE (Flyball, 9S)
Luis Árias scores
Vaughan Shelton to third
Runner from 3rd tries for Home, SAFE, no throw
Batting: RHB Daniel Martínez 0-0: Ball
1-0: Fly out, F7 (Flyball, 78D)
Batting: RHB Mike Hurt 0-0: Called Strike
0-1: Called Strike
0-2: Strikes out swinging
Top of the 2nd over - 2 run(s), 3 hit(s), 0 error(s), 1 left on base; State College 2 - Beaverton 0
BOTTOM OF THE 2ND
Beaverton Bronze Souls batting - Pitching for State College Spikes : RHP Luis García
Batting: SHB Caleb Hart 0-0: Ball
1-0: Swinging Strike
1-1: Fly out, F8 (Flyball, 8RM)
Batting: RHB Vincente López 0-0: Ball
1-0: Ball
2-0: Ground out 6-3 (Groundball, 6)
Batting: LHB Gabriel Aguilera 0-0: Ball
1-0: Called Strike
1-1: Foul Ball, location: 2F
1-2: Ball
2-2: Ball
3-2: Ground out 1-3 (Groundball, 15S)
Bottom of the 2nd over - 0 run(s), 0 hit(s), 0 error(s), 0 left on base; State College 2 - Beaverton 0
TOP OF THE 3RD
State College Spikes batting - Pitching for Beaverton Bronze Souls : RHP Héctor Montoya
Batting: RHB Matt Tucker 0-0: Bunt missed!
0-1: Swinging Strike
0-2: Ball
1-2: Foul Ball, location: 2F
1-2: Foul Ball, location: 2F
1-2: Ball
2-2: Ground out U3 (Groundball, 34S)
Batting: SHB Nuno Fonseca 0-0: Called Strike
0-1: Swinging Strike
0-2: Ball
1-2: Strikes out swinging
Batting: RHB Joe Salas 0-0: Ball
1-0: Ball
2-0: Ball
3-0: Called Strike
3-1: Called Strike
3-2: Strikes out swinging
Top of the 3rd over - 0 run(s), 0 hit(s), 0 error(s), 0 left on base; State College 2 - Beaverton 0
BOTTOM OF THE 3RD
Beaverton Bronze Souls batting - Pitching for State College Spikes : RHP Luis García
Batting: RHB José Fernández 0-0: Ball
1-0: Ball
2-0: Ground out 5-3 (Groundball, 56)
Batting: LHB Clinton O'Brien 0-0: Ball
1-0: Foul Ball, location: 2F
1-1: Ball
2-1: Foul Ball, location: 2F
2-2: SINGLE (Line Drive, 5S)
Batting: RHB Ed Nygaard 0-0: Called Strike
0-1: Ball
1-1: Ball
2-1: Fly out, F9 (Flyball, 9LMF)
Batting: LHB Chris White 0-0: SINGLE (Groundball, 25) (infield hit)
Clinton O'Brien to second
Batting: RHB Ed Fuhrman 0-0: Fielders Choice at 2nd, 6-4 (Groundball, 6)
Bottom of the 3rd over - 0 run(s), 2 hit(s), 0 error(s), 1 left on base; State College 2 - Beaverton 0
TOP OF THE 4TH
State College Spikes batting - Pitching for Beaverton Bronze Souls : RHP Héctor Montoya
Batting: RHB Luis Árias 0-0: Ball
1-0: Called Strike
1-1: Foul Ball, location: 2F
1-2: Reached on error, E6 (Groundball, 56)
Batting: RHB Vaughan Shelton 0-0: Foul Ball, location: 2F
0-1: Fielders Choice at 2nd, 5-4 (Groundball, 5)
Batting: RHB Julián Garza 0-0: Ball
Vaughan Shelton is caught stealing 2nd base
1-0: Fly out, F9 (Flyball, 9S)
Top of the 4th over - 0 run(s), 0 hit(s), 1 error(s), 0 left on base; State College 2 - Beaverton 0
BOTTOM OF THE 4TH
Beaverton Bronze Souls batting - Pitching for State College Spikes : RHP Luis García
Batting: RHB José Dávila 0-0: Foul Ball, location: 2F
0-1: Fly out, F9 (Flyball, 89S)
Batting: SHB Caleb Hart 0-0: Called Strike
0-1: Ball
1-1: Ball
2-1: Swinging Strike
2-2: Ball
3-2: Fly out, F8 (Flyball, 8LD)
Batting: RHB Vincente López 0-0: Called Strike
0-1: Ball
1-1: Ground out 5-3 (Groundball, 5)
Bottom of the 4th over - 0 run(s), 0 hit(s), 0 error(s), 0 left on base; State College 2 - Beaverton 0
TOP OF THE 5TH
State College Spikes batting - Pitching for Beaverton Bronze Souls : RHP Héctor Montoya
Batting: RHB Diego Benítez 0-0: Foul Ball, location: 2F
0-1: Called Strike
0-2: Strikes out swinging
Batting: RHB Daniel Martínez 0-0: Called Strike
0-1: Fly out, F9 (Flyball, 89M)
Batting: RHB Mike Hurt 0-0: Ball
1-0: Ball
2-0: Ground out U3 (Groundball, 3L)
Top of the 5th over - 0 run(s), 0 hit(s), 0 error(s), 0 left on base; State College 2 - Beaverton 0
BOTTOM OF THE 5TH
Beaverton Bronze Souls batting - Pitching for State College Spikes : RHP Luis García
Batting: LHB Gabriel Aguilera 0-0: Foul Ball, location: 2F
0-1: Ball
1-1: Ball
2-1: Ball
3-1: Base on Balls
Batting: RHB José Fernández 0-0: Ball
1-0: Swinging Strike
1-1: Ball
2-1: Swinging Strike
2-2: SINGLE (Groundball, 25) (infield hit)
Gabriel Aguilera to second
Batting: LHB Clinton O'Brien 0-0: Ball
1-0: Ball
2-0: Ball
3-0: Base on Balls
Gabriel Aguilera to third
José Fernández to second
Batting: RHB Ed Nygaard 0-0: Called Strike
0-1: Called Strike
0-2: Foul Ball, location: 2F
0-2: SINGLE (Groundball, 4D)
Gabriel Aguilera scores
José Fernández to third
Clinton O'Brien to second
Batting: LHB Chris White 0-0: Foul Ball, location: 2F
0-1: Called Strike
0-2: Ball
1-2: Ball
2-2: Ball
3-2: Foul Ball, location: 2F
3-2: Strikes out looking
Batting: RHB Ed Fuhrman 0-0: Swinging Strike
0-1: Ball
1-1: Ball
2-1: DOUBLE (Line Drive, 78M)
José Fernández scores
Clinton O'Brien scores
Ed Nygaard to third
Batting: RHB José Dávila 0-0: Ball
1-0: Called Strike
1-1: Ground out 4-3 (Groundball, 34)
Ed Nygaard scores
Ed Fuhrman to third
Batting: SHB Caleb Hart 0-0: Ball
1-0: Ball
2-0: Ball
3-0: Base on Balls
Batting: RHB Vincente López 0-0: Ball
Wild Pitch!
Ed Fuhrman scores
Caleb Hart to second
1-0: Ball
2-0: Ball
3-0: Called Strike
3-1: Ground out 6-3 (Groundball, 6)
Bottom of the 5th over - 5 run(s), 3 hit(s), 0 error(s), 1 left on base; State College 2 - Beaverton 5
TOP OF THE 6TH
State College Spikes batting - Pitching for Beaverton Bronze Souls : RHP Héctor Montoya
Batting: RHB Matt Tucker 0-0: Bunted foul
0-1: Ball
1-1: Ball
2-1: Ball
3-1: Ground out 6-3 (Groundball, 6)
Batting: SHB Nuno Fonseca 0-0: Foul Ball, location: 2F
0-1: Called Strike
0-2: Fly out, F4 (Line Drive, 4D)
Batting: RHB Joe Salas 0-0: Foul Ball, location: 2F
0-1: Ball
1-1: Ball
2-1: Ball
3-1: Base on Balls
Batting: RHB Luis Árias 0-0: Ball
1-0: Ball
2-0: Ball
3-0: Hit by Pitch
Joe Salas to second
Batting: RHB Vaughan Shelton 0-0: Ball
1-0: Called Strike
1-1: Foul Ball, location: 2F
1-2: Ball
2-2: Ball
3-2: Strikes out swinging
Top of the 6th over - 0 run(s), 0 hit(s), 0 error(s), 2 left on base; State College 2 - Beaverton 5
BOTTOM OF THE 6TH
Beaverton Bronze Souls batting - Pitching for State College Spikes : RHP Luis García
Batting: LHB Gabriel Aguilera 0-0: Called Strike
0-1: Ball
1-1: Ball
2-1: Foul Ball, location: 2F
2-2: Foul Ball, location: 2F
2-2: Strikes out looking
Batting: RHB José Fernández 0-0: Foul Ball, location: 2F
0-1: Foul Ball, location: 2F
0-2: Foul Ball, location: 2F
0-2: Ground out 6-3 (Groundball, 6)
Batting: LHB Clinton O'Brien 0-0: Called Strike
0-1: Ground out 6-3 (Groundball, 6)
Bottom of the 6th over - 0 run(s), 0 hit(s), 0 error(s), 0 left on base; State College 2 - Beaverton 5
TOP OF THE 7TH
State College Spikes batting - Pitching for Beaverton Bronze Souls : RHP Héctor Montoya
Batting: RHB Julián Garza 0-0: Ball
1-0: Called Strike
1-1: Ground out 5-3 (Groundball, 5L)
Batting: RHB Diego Benítez 0-0: Fly out, F8 (Line Drive, 8RM)
Batting: RHB Daniel Martínez 0-0: Called Strike
0-1: Foul Ball, location: 2F
0-2: Foul Ball, location: 2F
0-2: Foul Ball, location: 2F
0-2: Ball
1-2: Ground out U3 (Groundball, 3)
Top of the 7th over - 0 run(s), 0 hit(s), 0 error(s), 0 left on base; State College 2 - Beaverton 5
BOTTOM OF THE 7TH
Beaverton Bronze Souls batting - Pitching for State College Spikes : RHP Luis García
Batting: RHB Ed Nygaard 0-0: Foul Ball, location: 2F
0-1: Ball
1-1: Ball
2-1: Foul Ball, location: 2F
2-2: Fly out, F9 (Flyball, 9LMF)
Pitching: RHP Albert Scott
Batting: LHB Chris White 0-0: Ball
1-0: Ball
2-0: Ball
3-0: Base on Balls
Pitching: RHP Ricardo Gutiérrez
Batting: RHB Ed Fuhrman 0-0: Swinging Strike
0-1: Ball
1-1: Called Strike
1-2: Ball
Chris White steals 2nd base
2-2: SINGLE (Groundball, 6MD)
Chris White to third
Runner from 3rd tries for Home, SAFE, no throw
Pitching: LHP Michael Stewart
Batting: RHB José Dávila 0-0: Fly out, F7 (Flyball, 7)
Batting: SHB Caleb Hart 0-0: Swinging Strike
0-1: Called Strike
0-2: Ball
1-2: Ball
2-2: Ball
3-2: Base on Balls
Ed Fuhrman to second
Batting: RHB Vincente López 0-0: Called Strike
0-1: Called Strike
0-2: Strikes out looking
Bottom of the 7th over - 1 run(s), 1 hit(s), 0 error(s), 2 left on base; State College 2 - Beaverton 6
TOP OF THE 8TH
State College Spikes batting - Pitching for Beaverton Bronze Souls : RHP Héctor Montoya
Pitching: LHP Lorenzo Guzmán
Batting: RHB Mike Hurt 0-0: Ball
1-0: Called Strike
1-1: Swinging Strike
1-2: Foul Ball, location: 2F
1-2: Strikes out swinging
Batting: RHB Matt Tucker 0-0: Called Strike
0-1: Ball
1-1: Ball
2-1: Foul Ball, location: 2F
2-2: Ball
3-2: Strikes out swinging
Batting: SHB Nuno Fonseca 0-0: Ball
1-0: Called Strike
1-1: Foul Ball, location: 2F
1-2: Fly out, F9 (Flyball, 9LM)
Top of the 8th over - 0 run(s), 0 hit(s), 0 error(s), 0 left on base; State College 2 - Beaverton 6
BOTTOM OF THE 8TH
Beaverton Bronze Souls batting - Pitching for State College Spikes : LHP Michael Stewart
Batting: LHB Gabriel Aguilera 0-0: SINGLE (Flyball, 78S)
Batting: RHB José Fernández 0-0: Bunt missed!
0-1: Bunted foul
0-2: SINGLE (Groundball, 5D)
Gabriel Aguilera to second
Batting: LHB Clinton O'Brien 0-0: Ball
1-0: Ball
2-0: Ball
3-0: Base on Balls
Gabriel Aguilera to third
José Fernández to second
Batting: RHB Ed Nygaard 0-0: Ball
1-0: Ball
2-0: Foul Ball, location: 2F
2-1: Ball
3-1: Called Strike
3-2: Fly out, F7 (Flyball, 78S)
Batting: LHB Chris White 0-0: Ball
1-0: SINGLE (Groundball, 34D)
Gabriel Aguilera scores
José Fernández to third
Clinton O'Brien to second
Runner from 3rd tries for Home, SAFE, no throw
Batting: RHB Ed Fuhrman 0-0: Swinging Strike
0-1: SINGLE (Groundball, 34D)
Clinton O'Brien to third
Chris White to second
Runner from 3rd tries for Home, SAFE, no throw
Batting: RHB José Dávila 0-0: Ball
1-0: Ball
2-0: Ball
3-0: Called Strike
3-1: Base on Balls
Chris White to third
Ed Fuhrman to second
Batting: SHB Caleb Hart 0-0: Ball
1-0: GRAND SLAM HOME RUN (Flyball, 7LD), Distance : 349 ft
Batting: RHB Vincente López 0-0: Ball
1-0: Foul Ball, location: 2F
1-1: Called Strike
1-2: Ground out 6-3 (Groundball, 6)
Batting: LHB Gabriel Aguilera 0-0: Foul Ball, location: 2F
0-1: Ball
1-1: Ball
2-1: Ball
3-1: Swinging Strike
3-2: SINGLE (Line Drive, 56D)
Batting: RHB José Fernández
Pinch Hitting: RHB Vernon Harris 0-0: Called Strike
0-1: Ball
1-1: Ball
2-1: Foul Ball, location: 2F
2-2: Strikes out looking
Bottom of the 8th over - 7 run(s), 6 hit(s), 0 error(s), 1 left on base; State College 2 - Beaverton 13
TOP OF THE 9TH
State College Spikes batting - Pitching for Beaverton Bronze Souls : LHP Lorenzo Guzmán
Now at SS: Arlen Powers
Now in LF: Nathan Smith
Batting: RHB Joe Salas 0-0: Swinging Strike
0-1: Foul Ball, location: 2F
0-2: Foul Ball, location: 2F
0-2: Ball
1-2: Foul Ball, location: 2F
1-2: Ball
2-2: Strikes out looking
Batting: RHB Luis Árias 0-0: Ball
1-0: Foul Ball, location: 2F
1-1: Swinging Strike
1-2: Strikes out swinging
Batting: RHB Vaughan Shelton 0-0: Ball
1-0: Ball
2-0: Foul Ball, location: 2F
2-1: SINGLE (Line Drive, 9S)
Batting: RHB Julián Garza 0-0: Called Strike
0-1: Ball
1-1: Reached on error, E5 (Groundball, 56)
Vaughan Shelton to second
Batting: RHB Diego Benítez 0-0: Called Strike
0-1: TRIPLE (Flyball, 8RXD)
Vaughan Shelton scores
Julián Garza scores
Batting: RHB Daniel Martínez 0-0: Swinging Strike
0-1: Foul Ball, location: 2F
0-2: Ball
1-2: Foul Ball, location: 2F
1-2: Strikes out swinging
Top of the 9th over - 2 run(s), 2 hit(s), 1 error(s), 1 left on base; State College 4 - Beaverton 13
Tuesday, August 8th, 2017 - OOTP Baseball 17.12 Build 75